 Dungeon Crawl Stone Soup version 0.26.0-45-g9c1d065592 (webtiles) character file.

Game seed: 10317118960182288140

65 kaeus the Firebug (level 4, -1/24 HPs)
             Began as a Gargoyle Fire Elementalist on Jan 28, 2021.
             Slain by Terence
             ... wielding a +0 morningstar
              (6 damage)
             ... on level 2 of the Dungeon.
             The game lasted 00:02:48 (2900 turns).

kaeus the Firebug (Gargoyle Fire Elementalist)      Turns: 2900, Time: 00:02:49

Health: -1/24      AC:  6    Str: 11    XL:     4   Next: 14%
Magic:  0/7        EV: 11    Int: 17    God:
Gold:   74         SH:  3    Dex: 10    Spells: 3/7 levels left

rFire    . . .     SeeInvis .   j - +2 whip (elec)
rCold    . . .     Faith    .   d - +0 buckler
rNeg     + . .     Spirit   .   a - +0 robe
rPois    ∞         Reflect  .   (no helmet)
rElec    +         Harm     .   (no cloak)
rCorr    .         Rampage  .   (no gloves)
Will     .....                  c - +0 pair of boots
Stlth    ++........             (no amulet)
HPRegen  0.08/turn              (no ring)
MPRegen  0.10/turn              (no ring)

@: no status effects
A: negative energy resistance 1, electricity resistance, unbreathing,
petrification resistance, miasma immunity, AC +3
a: no special abilities


You were on level 2 of the Dungeon.
You visited 1 branch of the dungeon, and saw 2 of its levels.

You collected 74 gold pieces.

Inventory:

Hand Weapons
 j - a +2 whip of electrocution (weapon)
Armour
 a - a +0 robe (worn)
 c - a +0 pair of boots (worn)
 d - a +0 buckler (worn)
Scrolls
 e - 2 scrolls of teleportation {unknown}
 f - 2 scrolls of identify {unknown}
 g - a scroll of remove curse {unknown}
 h - 2 scrolls of noise {unknown}
 l - a scroll of magic mapping {unknown}
Potions
 b - a potion of berserk rage {unknown}
 i - a potion of lignification {unknown}
 k - a potion of attraction {unknown}


   Skills:
 - Level 1.5 Dodging
 - Level 2.1 Stealth
 + Level 2.4 Spellcasting
 * Level 2.7 Conjurations
 * Level 3.8 Fire Magic


You had 3 spell levels left.
You knew the following spells:

 Your Spells              Type           Power        Failure   Level
a - Foxfire               Conj/Fire      52%          8%          1
b - Conjure Flame         Conj/Fire      13%          24%         3

Your spell library contained the following spells:

 Spells                   Type           Power        Failure   Level
 Inner Flame              Hex/Fire       8%           38%         3
 Sticky Flame             Conj/Fire      13%          61%         4
 Fireball                 Conj/Fire      6%           91%         5


Dungeon Overview and Level Annotations

Branches:
Dungeon (2/15)

Altars:

Annotations:
D:2 Terence


Innate Abilities, Weirdness & Mutations

You are resistant to torment.
Your stone body is resilient. (AC +3)
You are immune to poison.
You resist negative energy. (rN+)
You are resistant to electric shocks. (rElec)
You can survive without breathing.
You are immune to petrification.
You are immune to miasma.


Message History

You now have 1/7 mp.
You barely miss Terence.
Terence is heavily wounded.
The foxfire hits Terence.
Terence is heavily wounded.
The foxfire hits Terence but does no damage.
Terence is heavily wounded.
Terence hits you with a +0 morningstar!
* * * LOW HITPOINT WARNING * * *
You take 7 damage, and have 4/24 hp.
MASSIVE DAMAGE!!
Casting: Foxfire (safe; 8% risk of failure)
Confirm with . or Enter, or press ? or * to list all spells.
You conjure some foxfire!
Terence barely misses you.
You now have 0/7 mp.
The foxfire hits Terence but does no damage.
Terence is heavily wounded.
The foxfire hits Terence but does no damage.
Terence is heavily wounded.
Terence hits you with a +0 morningstar.
You die...

#.# #.# ........# #.# #.# .(.....
#.#.# #.# . ...[.. #.#.# #.# ..
.... #.#.# #.# ... ... #.#.# #.#
.... #'# #.#.# #.#
.....##.########.#.###.##
.......@@........#.##....
#########'###.#.###.........#.###
.......# # #§#........#..#.# #
######.# #.#.#'####.#..#†# #
.....#[# #.#....# #.#..#.# #
####.#># #.#....# #.#..#.# #
#.#.# #.#....# #.#..#.# # #.#.#
#.#....###.#..#.# # #.#.##
#......'.#.#..#.# #


You could see Terence.

Vanquished Creatures
  An adder (D:2)
  3 worms (D:2)
  3 dart slugs
  A leopard gecko (D:1)
  4 bats
  3 giant cockroaches
  7 hobgoblins
  A ball python (D:1)
  4 frilled lizards (D:1)
  8 goblins
  A kobold (D:1)
  4 rats
40 creatures vanquished.

Vanquished Creatures (others)
  155 foxfires
155 creatures vanquished.

Grand Total: 195 creatures vanquished

Notes
Turn   | Place    | Note
-------+----------+-------------------------------------------
     0 | D:1      | kaeus the Gargoyle Fire Elementalist began the quest for
                  | the Orb.
     0 | D:1      | Reached XP level 1. HP: 10/10 MP: 3/3
   485 | D:1      | Reached XP level 2. HP: 15/15 MP: 0/5
  1344 | D:1      | Reached XP level 3. HP: 14/19 MP: 1/6
  1348 | D:1      | Learned a level 3 spell: Conjure Flame
  2584 | D:2      | Reached XP level 4. HP: 14/24 MP: 3/7
  2882 | D:2      | Noticed Terence
  2900 | D:2      | Slain by Terence

Illustrated notes

Levels and vault maps discovered:
D:1:      minmay_arrival_split_and_join, layout_basic,
          hangedman_abyss_or_decor_stabs, minmay_tetromino_t4
D:2:      layout_basic, uniq_terence, uniq_robin

Skill      XL: |  1  2 |
---------------+-------+-----
Conjurations   | 2 |  2.7
Dodging        | |  1.5
Stealth        | |  2.1
Spellcasting   | |  2.4
Fire Magic     | |  3.8

Action                   |  1- 3 |  4- 6 || total
-------------------------+-------+-------++-------
Melee: Unarmed           |    11 |       ||    11
       Club              |    33 |       ||    33
       Whip              |    10 |     5 ||    15
 Cast: Foxfire           |    83 |    18 ||   101
Armor: Robe              |    18 |     2 ||    20
Dodge: Dodged            |    37 |     6 ||    43
Block: Buckler           |     1 |     1 ||     2
